 Dungeon Crawl Stone Soup version 0.20.1-1-g8b1a95d (webtiles) character file.

2923 Kosschaser the Cutter (level 9, -1/65 HPs)
             Began as a Merfolk Enchanter on July 5, 2017.
             Was a Believer of Dithmenos.
             Slain by a hippogriff (3 damage)
             ... on level 8 of the Dungeon.
             The game lasted 00:56:36 (11012 turns).

Kosschaser the Cutter (Merfolk Enchanter)          Turns: 11012, Time: 00:56:38

Health: -1/65      AC:  6    Str: 11    XL:     9   Next: 79%
Magic:  15/17      EV:  2    Int: 14    God:    Dithmenos [**....]
Gold:   510        SH:  0    Dex: 18    Spells: 7/19 levels left

rFire    . . .     SeeInvis .   q - +0 rapier (vamp)
rCold    . . .     Gourm    .   (no shield)
rNeg     + + +     Faith    .   b - +0 robe
rPois    ∞         Spirit   .   s - +2 hat
rElec    .         Reflect  .   y - scarf {cloud immunity}
rCorr    .         Harm     .   i - +1 pair of gloves {Str+3}
MR       .....                  (no boots)
Stlth    +++++++...             r - amulet of rage
Regen    0.2/turn               v - ring of stealth
MPRegen  0.2/turn               C - ring of stealth

@: petrified, wreathed by umbra
A: change form in water, swift swim, stealthy swim
a: Shadow Step, Renounce Religion, Evoke Berserk Rage


You were on level 8 of the Dungeon.
You worshipped Dithmenos.
Dithmenos was pleased with you.
You were hungry.

You visited 2 branches of the dungeon, and saw 9 of its levels.
You also visited: Ossuary.

You collected 510 gold pieces.

Inventory:

Hand Weapons
 a - a +1 dagger
 n - a +1 dagger of draining
 q - a +0 vampiric rapier (weapon)
Armour
 b - a +0 robe (worn)
 i - a +1 pair of gloves of strength (worn)
 s - a +2 hat (worn)
 y - a scarf of cloud immunity (worn)
Jewellery
 r - an amulet of rage (around neck)
 v - a ring of stealth (left hand)
 C - a ring of stealth (right hand)
 F - an uncursed amulet of regeneration {unknown}
Wands
 g - a wand of confusion (28/48)
Scrolls
 e - 2 scrolls of recharging
 k - 3 scrolls of teleportation
 o - a scroll of fear
 w - 5 scrolls of remove curse
 x - a scroll of random uselessness {unknown}
 A - a scroll of amnesia {unknown}
 D - a scroll of enchant weapon {unknown}
 G - a scroll of identify
 H - a scroll of magic mapping {unknown}
Potions
 f - 2 potions of haste
 j - 6 potions of curing
 m - 2 potions of invisibility {unknown}
 p - 5 potions of heal wounds {unknown}
 t - 2 potions of degeneration {unknown}
 u - 2 potions of mutation {unknown}
 z - 4 potions of cancellation {unknown}
 B - 3 potions of agility {unknown}
Books
 c - a book of Maledictions

   Spells                             Type                      Level
   a - Corona                         Hexes                        1
   b - Ensorcelled Hibernation        Hexes/Ice                    2
   c - Confuse                        Hexes                        3
   d - Tukima's Dance                 Hexes                        3
   e - Dazzling Spray                 Conjuration/Hexes            3
 l - a book of Minor Magic

   Spells                             Type                      Level
   a - Magic Dart                     Conjuration                  1
   b - Blink                          Translocation                2
   c - Call Imp                       Summoning                    2
   d - Slow                           Hexes                        2
   e - Conjure Flame                  Conjuration/Fire             3
   f - Mephitic Cloud                 Conjuration/Poison/Air       3
Comestibles
 d - 3 bread rations
 h - 3 royal jellies
 E - a meat ration


   Skills:
 + Level 4.0 Fighting
 + Level 7.9 Short Blades
 + Level 0.3 Armour
 + Level 6.4 Dodging
 + Level 7.8 Stealth
 + Level 5.6 Spellcasting
 + Level 0.1 Conjurations
 + Level 5.7 Hexes
 + Level 0.4 Evocations


You had 7 spell levels left.
You knew the following spells:

 Your Spells              Type           Power        Failure   Level  Hunger
a - Corona                Hex            ###....      1%          1    None
b - Confuse               Hex            ###.....     4%          3    ###....
c - Slow                  Hex            ###.....     2%          2    ##.....
d - Dazzling Spray        Conj/Hex       ##....       14%         3    ###....
e - Tukima's Dance        Hex            ###.....     4%          3    ###....


Dungeon Overview and Level Annotations

Branches:
Dungeon (8/15)             Temple (1/1) D:6            Lair (0/6) D:8

Altars:
Ashenzari
Dithmenos
Gozag
Kikubaaqudgha
Makhleb
Nemelex Xobeh
Okawaru
Qazlal
Sif Muna
Trog
Uskayaw
Vehumet
Yredelemnul
The Shining One


Message History

The basilisk bites you but does no damage.
The hippogriff bites you!
The hippogriff pecks you but does no damage.
The hippogriff claws you. The basilisk bites you!
* * * LOW HITPOINT WARNING * * *
The hippogriff bites you but does no damage.
The hippogriff pecks you.
* * * LOW HITPOINT WARNING * * *
The hippogriff claws you.
* * * LOW HITPOINT WARNING * * *
The yak bellows!
The basilisk bites you!
* * * LOW HITPOINT WARNING * * *
The hippogriff bites you!
* * * LOW HITPOINT WARNING * * *
The hippogriff pecks you!
* * * LOW HITPOINT WARNING * * *
The hippogriff claws you!
You die...

#......................##
#[.....................+
#......................#
#......................#
#.................^....#
####...!##..###########.
.....####.# .#
.........##.# .#
.P.....P..#@#
..........lH#
....>....Y..# ...P....#
......#.# .....##[# ...##
#.# ... ..# ## ####


You could see a hippogriff, a yak and a basilisk.

Vanquished Creatures
  The ghost of Cral the Geomancer, an amateur GrEE (D:5)
  Duvessa (D:4)
  2 ice beasts (D:7)
  A phantom (D:7)
  3 ogres
  A necrophage (D:7)
  3 centaurs
  Blork the orc (D:6)
  2 bullfrogs
  2 water moccasin zombies (Ossuary)
  A scorpion (D:6)
  Dowan (D:4)
  4 howler monkeys
  A centaur zombie (D:7)
  2 crimson imps
  A bullfrog zombie (D:7)
  2 jellies
  3 orc wizards
  3 bullfrog skeletons
  7 hounds
  A human zombie (D:7)
  2 iguanas (D:7)
  Terence (D:3)
  7 worker ants
  3 big kobold zombies (Ossuary)
  A hound zombie (D:5)
  A hound skeleton (D:5)
  2 mummies (Ossuary)
  A worker ant zombie (D:6)
  Robin (D:3)
  8 gnolls
  7 adders
  A shadow imp (D:6)
  An adder zombie (Ossuary)
  An adder skeleton (D:5)
  2 worms
  5 dart slugs
  8 leopard geckos
  22 orcs
  10 bats
  4 giant cockroaches
  3 gnoll zombies (Ossuary)
  15 goblins
  8 hobgoblins
  13 kobolds
  3 quokkas
  2 ball pythons (D:3)
  4 frilled lizards
  4 hobgoblin zombies (Ossuary)
  2 jackal zombies (D:7)
  3 kobold zombies
  6 orc zombies (Ossuary)
  13 rats
207 creatures vanquished.

Vanquished Creatures (collateral kills)
  A dart slug (D:2)
  An orc (D:7)
2 creatures vanquished.

Vanquished Creatures (others)
  3 dancing weapons (D:5)
3 creatures vanquished.

Grand Total: 212 creatures vanquished

Notes
Turn   | Place    | Note
-------+----------+-------------------------------------------
     0 | D:1      | Kosschaser the Merfolk Enchanter began the quest for the Orb.
     0 | D:1      | Reached XP level 1. HP: 13/13 MP: 3/3
    97 | D:1      | Reached XP level 2. HP: 18/19 MP: 5/5
   365 | D:1      | Reached XP level 3. HP: 22/24 MP: 6/6
   370 | D:1      | Learned a level 3 spell: Confuse
   775 | D:2      | Learned a level 2 spell: Slow
  1558 | D:2      | Reached XP level 4. HP: 31/31 MP: 7/7
  2412 | D:3      | Noticed a two-headed ogre
  3016 | D:3      | Reached XP level 5. HP: 33/36 MP: 5/9
  3020 | D:3      | Noticed Terence
  3091 | D:3      | Killed Terence
  3450 | D:2      | HP: 1/36 [goblin/club (2)]
  4217 | D:3      | Found a faded altar of an unknown god.
  4282 | D:3      | Noticed Robin
  4292 | D:3      | Killed Robin
  4529 | D:4      | Noticed Dowan
  4603 | D:4      | Reached skill level 1 in Fighting
  4603 | D:4      | Reached XP level 6. HP: 43/43 MP: 1/11
  4797 | D:4      | Killed Dowan
  4937 | D:4      | Noticed Duvessa
  4966 | D:4      | Killed Duvessa
  4966 | D:4      | Reached skill level 5 in Stealth
  5114 | D:4      | Reached XP level 7. HP: 28/49 MP: 8/12
  6327 | D:4      | Learned a level 3 spell: Dazzling Spray
  6331 | D:4      | Learned a level 3 spell: Tukima's Dance
  6361 | D:5      | Entered Level 5 of the Dungeon
  6754 | D:5      | Reached XP level 8. HP: 53/57 MP: 11/14
  6782 | D:5      | Noticed Blork the orc
  6799 | D:5      | Reached skill level 5 in Short Blades
  6884 | D:5      | HP: 2/57 [ogre (6)]
  7176 | D:4      | HP: 2/57 [orc warrior (5)]
  7601 | D:5      | Noticed Cral's ghost (amateur GrEE)
  7868 | D:5      | Killed Cral's ghost
  7868 | D:5      | Reached skill level 5 in Hexes
  8260 | D:6      | Reached skill level 5 in Dodging
  8485 | D:6      | Killed Blork the orc
  8699 | D:6      | Reached skill level 5 in Spellcasting
  8748 | D:6      | Found a staircase to the Ecumenical Temple.
  8756 | Temple   | Entered the Ecumenical Temple
  8800 | Temple   | Became a worshipper of Dithmenos the Shadowed
  9317 | D:6      | Reached XP level 9. HP: 64/64 MP: 16/16
  9894 | D:7      | Reached * piety under Dithmenos
  9944 | D:7      | Found a sand-covered staircase.
  9951 | Ossuary  | Entered an ossuary
 10838 | D:8      | Reached ** piety under Dithmenos
 10884 | D:8      | Found a staircase to the Lair.
 11012 | D:8      | HP: 2/65 [hippogriff (3)]
 11012 | D:8      | Slain by a hippogriff

Skill      XL: |  1  2  3  4  5  6  7  8  9 |
---------------+----------------------------+-----
Dodging        | 3 4 5 6 |  6.4
Stealth        | 4 5 6 7 |  7.8
Spellcasting   | 3 4 5 |  5.6
Short Blades   | 2 3 4 6 7 |  7.9
Fighting       | 1 2 3 4 |  4.0
Hexes          | 4 5 |  5.7
Armour         | |  0.3
Conjurations   | |  0.1
Evocations     | |  0.4

Action                   |  1- 3 |  4- 6 |  7- 9 || total
-------------------------+-------+-------+-------++-------
Melee: Dagger            |   145 |    91 |       ||   236
       Rapier            |       |   157 |   626 ||   783
       Tailslap          |       |       |     1 ||     1
 Cast: Slow              |     4 |     4 |     5 ||    13
       Confuse           |     3 |    28 |    38 ||    69
       Tukima's Dance    |       |       |    13 ||    13
       Dazzling Spray    |       |       |    10 ||    10
 Abil: Evoke Berserk Rag |       |     2 |       ||     2
  Use: Scroll            |     5 |       |     4 ||     9
 Stab: Sleeping          |     8 |     5 |    25 ||    38
       Confused          |     2 |     6 |    18 ||    26
       Distracted        |       |     2 |     4 ||     6
       Invisible         |       |       |     3 ||     3
  Eat: Chunk             |     2 |    14 |    20 ||    36
       Fruit             |       |     2 |       ||     2
       Meat ration       |       |     1 |       ||     1
       Royal jelly       |       |     1 |       ||     1
       Bread ration      |       |       |     1 ||     1
Armor: Robe              |     9 |    35 |    99 ||   143
       Leather armour    |    13 |     2 |       ||    15
Dodge: Dodged            |    65 |   155 |   395 ||   615
